[Event "Tuesday Night Engine Tour 11rd Swiss 3m+2s Starts at 2200hrs ST"]
[Site "Infinity Chess"]
[Date "2018.4.10"]
[Round "3"]
[White "gmmarolideus"]
[Black "star99"]
[Result "1/2-1/2 "]
[ECO "B22"]
[WhiteElo "2269"]
[BlackElo "2469"]
[WhiteEngine "stockfish_9_x64_popcnt_CTG"]
[BlackEngine "Cryptic Heroes 9.3B"]
[EventType "Swiss"]
[WhiteTeam ""]
[BlackTeam ""]
[PlyCount "262"]
[TimeControl "180+2"]

1. e4 c5 2. c3 Nf6 3. e5 Nd5 4. d4 cxd4 5. Nf3 d6 6. Bc4 dxe5 7. Nxe5 e6 
8. Qxd4 Be7 9. Bb5+ Nd7 10. Nxd7 Bxd7 11. Qxg7 Rf8 12. Bxd7+ Qxd7 13. O-O O-O-O 
14. Qe5 f5 15. Re1 Bf6 16. Qe2 Rg8 17. Na3 e5 18. Bd2 h5 19. Rad1 Qc6 
20. Qf3 Kb8 21. g3 f4 22. c4 fxg3 23. hxg3 Nf4 24. Qxc6 bxc6 25. Kf1 Nd3 
26. Ba5 Rd7 27. Re3 e4 28. Nc2 h4 29. Nb4 hxg3 30. Rxg3 Rxg3 31. fxg3 Kc8 
32. Nxd3 exd3 33. b3 Be5 34. Kf2 Rf7+ 35. Kg2 Rd7 36. Bd2 Rg7 37. Be1 Rd7 
38. Kf3 Rf7+ 39. Ke3 Rg7 40. Kxd3 Bxg3 41. Bc3 Rd7+ 42. Kc2 Rxd1 43. Kxd1 c5 
44. Ke2 Kc7 45. Bd2 a6 46. Kf3 Bh4 47. Ke4 Kc6 48. Bh6 Bd8 49. Kf5 Ba5 
50. Bf4 Be1 51. Ke6 Ba5 52. Be3 Bd8 53. Kf7 Bc7 54. Ke6 Bd8 55. Bg1 Ba5 
56. Kf7 Bd2 57. Bf2 Bc3 58. Be3 Be1 59. Bf4 Bh4 60. Bh2 Bg5 61. Bg3 Kd7 
62. Bb8 Bd8 63. Bh2 Kc6 64. Be5 Kd7 65. Bf4 Ba5 66. Be3 Bb4 67. Bg5 Bc3 
68. Bf4 Bb4 69. Be3 Kc6 70. Bf2 Bc3 71. Be3 Bd4 72. Bf4 Bf2 73. Ke7 Bh4+ 
74. Ke6 Bf2 75. Ke7 Bh4+ 76. Ke6 Bf2 77. Kf5 Bg1 78. Bd2 Bd4 79. Kf4 Bg1 
80. Bc3 Bf2 81. Kf3 Bh4 82. Kg4 Bf2 83. Kf3 Bg1 84. Be5 Kd7 85. Kg4 Kc6 
86. Bf4 Kb7 87. Bg3 Kc6 88. Kg5 Bd4 89. Kg6 Be3 90. Bh4 Kd6 91. Kf6 Bd4+ 
92. Kf5 Bb2 93. Bg3+ Ke7 94. Bh4+ Kd6 95. a4 Bg7 96. Bg3+ Kc6 97. Ke4 Bh6 
98. Bh4 Bd2 99. Ke5 Bc3+ 100. Ke4 Bb4 101. Bf6 Be1 102. Ke3 Kd6 103. Bg7 Bb4 
104. Ke4 Ba5 105. Bf8+ Kc6 106. Ke5 Bd2 107. Be7 Bc3+ 108. Ke4 Bd2 109. Kd3 Be1 
110. Ke4 Bc3 111. Ke3 Ba5 112. Ke4 Bd2 113. Kd3 Bc1 114. Ke2 Bf4 115. Bf8 Bg5 
116. Kd3 Bd8 117. Ke2 Bf6 118. Kd1 Be5 119. Kd2 Bf6 120. Ke3 Bg5+ 121. Kd3 Bh4 
122. Ke4 Bf2 123. Bh6 Bh4 124. Bd2 Be7 125. Ke5 Bd8 126. Bc3 Bh4 127. Bd2 Bd8 
128. Bc1 Be7 129. Ke4 Bd8 130. Bf4 Bf6 131. Bd2 Be7 1/2-1/2

[Event "Tuesday Night Engine Tour 11rd Swiss 3m+2s Starts at 2200hrs ST"]
[Site "Infinity Chess"]
[Date "2018.4.10"]
[Round "3"]
[White "Dovahkiin"]
[Black "RonWeasley"]
[Result "1/2-1/2"]
[ECO "C02"]
[WhiteElo "2402"]
[BlackElo "2520"]
[WhiteEngine "Raubfisch ME262_GTZ16f_CTG"]
[BlackEngine "BrainFish 090218_CTG"]
[EventType "Swiss"]
[WhiteTeam ""]
[BlackTeam ""]
[PlyCount "222"]
[TimeControl "180+2"]

1. e4 e6 2. d4 d5 3. e5 c5 4. c3 Nc6 5. Nf3 Qb6 6. a3 f6 7. Bd3 fxe5 
8. dxe5 Nge7 9. c4 dxc4 10. Bxc4 Nf5 11. O-O Be7 12. Bd3 O-O 13. Re1 Qc7 
14. Nc3 a6 15. Be4 Rb8 16. Qd3 Kh8 17. Bf4 Rd8 18. Qe2 b5 19. Rad1 Rf8 
20. Bb1 Bb7 21. Ne4 Ncd4 22. Nxd4 Nxd4 23. Qg4 Bxe4 24. Bxe4 Nf5 25. Rd2 c4 
26. Red1 Rbd8 27. Rxd8 Rxd8 28. g3 g6 29. h4 Rxd1+ 30. Qxd1 Kg7 31. Qd2 h5 
32. Qd1 Nh6 33. Qc2 Nf5 34. Qd1 Qd8 35. Qxd8 Bxd8 36. Bb7 a5 37. Ba6 Nd4 
38. Be3 Bb6 39. Kg2 a4 40. Bd2 Kf8 41. Bb4+ Ke8 42. Bc3 Kd8 43. f4 Ke8 
44. Bxd4 Bxd4 45. Bxb5+ Kf7 46. Bxc4 Bxb2 47. Bb5 Bxa3 48. Bxa4 Bb2 49. Bc6 Bd4 
50. Ba4 Bc5 51. Bc2 Be3 52. Kf3 Bd4 53. g4 Bc3 54. Bb3 Ke7 55. Bc2 Kf7 
56. Bb3 Ke7 57. Ke2 Bb2 58. Bc2 Kf7 59. Ke3 Bc3 60. Bb3 Ke7 61. Ke2 Bd4 
62. gxh5 gxh5 63. Bd1 Kf7 64. Kf3 Bc3 65. Ke4 Be1 66. Bxh5+ Ke7 67. Be2 Bxh4 
68. Kf3 Be1 69. Bc4 Bd2 70. Kg4 Kf7 71. Kg5 Bc1 72. Bd3 Be3 73. Bg6+ Kg7 
74. Be4 Kf8 75. Bc6 Ke7 76. Bf3 Bc5 77. Bg4 Bb4 78. Bf3 Kf7 79. Bh5+ Ke7 
80. Bf3 Bc5 81. Bd1 Kf7 82. Bh5+ Ke7 83. Bg6 Be3 84. Bd3 Bd4 85. Kg4 Be3 
86. Kf3 Bb6 87. Bc4 Bc5 88. Kg4 Ba3 89. Bd3 Bc5 90. Bb5 Be3 91. Kf3 Bd4 
92. Be2 Bc5 93. Kg4 Bd4 94. Kf3 Bc3 95. Ba6 Bd4 96. Ke4 Bc5 97. Be2 Bf2 
98. Bd3 Kf7 99. Bc4 Ke7 100. Bf1 Be1 101. Ke3 Bb4 102. Bd3 Bc5+ 103. Ke4 Kf7 
104. Bc4 Ke7 105. Bb5 Bb4 106. Ke3 Bc5+ 107. Ke4 Bb6 108. Bf1 Bc5 109. Be2 Kf7 
110. Bh5+ Ke7 111. f5 exf5+ 1/2-1/2

[Event "Tuesday Night Engine Tour 11rd Swiss 3m+2s Starts at 2200hrs ST"]
[Site "Infinity Chess"]
[Date "2018.4.10"]
[Round "3"]
[White "Vimtiroba"]
[Black "MGR"]
[Result "1/2-1/2"]
[ECO "C58"]
[WhiteElo "2533"]
[BlackElo "2484"]
[WhiteEngine "SF9 ''A10''_CTG"]
[BlackEngine "asmFishW_2018-04-08_bmi2"]
[EventType "Swiss"]
[WhiteTeam ""]
[BlackTeam ""]
[PlyCount "105"]
[TimeControl "180+2"]

1. e4 e5 2. Nf3 Nc6 3. Bc4 Nf6 4. Ng5 d5 5. exd5 Na5 6. Bb5+ c6 7. dxc6 bxc6 
8. Bd3 Nd5 9. h4 g6 10. Nc3 h6 11. Nxd5 cxd5 12. Nf3 Bd6 13. Bb5+ Kf8 14. d4 e4 
15. Ne5 Qb6 16. Ba4 Kg7 17. h5 g5 18. O-O Rd8 19. b3 f5 20. Ng6 Ba6 21. Re1 Kh7 
22. Ne5 Bxe5 23. dxe5 d4 24. Bb2 Rac8 25. Rc1 Nc6 26. Bxc6 Rxc6 27. Qd2 d3 
28. cxd3 Rxd3 29. Rxc6 Rxd2 30. Rxb6 axb6 31. Bc3 Rxa2 32. e6 Kg8 33. Rc1 Bc8 
34. e7 Bd7 35. Rd1 Be8 36. Rd5 Kf7 37. Rxf5+ Kxe7 38. Re5+ Kd7 39. Rxe4 Bxh5 
40. Bg7 Rc2 41. Rd4+ Ke6 42. Rb4 Rc6 43. Bxh6 Kf6 44. Rb5 Kf7 45. Bxg5 Rc5 
46. Rxc5 bxc5 47. Be3 Bd1 48. Bxc5 Bxb3 49. f3 Ke8 50. Kf2 Ba2 51. Ba7 Bd5 
52. Bc5 Bb3 53. g3 1/2-1/2

[Event "Tuesday Night Engine Tour 11rd Swiss 3m+2s Starts at 2200hrs ST"]
[Site "Infinity Chess"]
[Date "2018.4.10"]
[Round "3"]
[White "Deep_Impact"]
[Black "MCDermont"]
[Result "1/2-1/2"]
[ECO "D31"]
[WhiteElo "2536"]
[BlackElo "2561"]
[WhiteEngine "asmFishW_2018-04-07_bmi2"]
[BlackEngine "BrainFish 090218"]
[EventType "Swiss"]
[WhiteTeam ""]
[BlackTeam ""]
[PlyCount "133"]
[TimeControl "180+2"]

1. d4 d5 2. c4 e6 3. Nc3 c6 4. e4 dxe4 5. Nxe4 Bb4+ 6. Bd2 Qxd4 7. Bxb4 Qxe4+ 
8. Be2 Na6 9. Ba5 b6 10. Qd6 Bd7 11. Bc3 f6 12. Nf3 Nh6 13. Rd1 Rd8 14. Qa3 Bc8 
15. Nd2 Qf4 16. Bh5+ Nf7 17. O-O c5 18. Qa4+ Ke7 19. Rfe1 Ng5 20. Re3 Rd6 
21. Rde1 Rhd8 22. Nf3 Kf8 23. a3 Nf7 24. h3 Rd3 25. Rxd3 Rxd3 26. Be5 fxe5 
27. Bxf7 Nc7 28. Bg6 Rxf3 29. Qxa7 Qd2 30. Rf1 Rb3 31. Qxc7 Qd7 32. Qxd7 Bxd7 
33. Bxh7 Rxb2 34. Re1 Ra2 35. Re3 Ra1+ 36. Kh2 Ra2 37. Kg3 Ke7 38. f3 Kf6 
39. Be4 Bc8 40. Rb3 Ba6 41. Bb1 Rd2 42. Bd3 g5 43. Rxb6 Rxd3 44. Rxa6 e4 
45. Kf2 exf3 46. gxf3 Rc3 47. a4 Ke5 48. Ke2 Rxc4 49. a5 Rh4 50. Rc6 Kd5 
51. Rc7 Rxh3 52. a6 Rh2+ 53. Kd3 Ra2 54. a7 Ra3+ 55. Kc2 Ra2+ 56. Kb3 Ra1 
57. Kc3 Ra6 58. Rg7 Kc6 59. Kd3 Ra1 60. Ke3 Kb6 61. Rxg5 c4 62. a8=Q Rxa8 
63. Re5 c3 64. Rxe6+ Ka5 65. Rc6 Kb4 66. Ke2 Rg8 67. f4 1/2-1/2

[Event "Tuesday Night Engine Tour 11rd Swiss 3m+2s Starts at 2200hrs ST"]
[Site "Infinity Chess"]
[Date "2018.4.10"]
[Round "3"]
[White "Victorious"]
[Black "Murx"]
[Result "1-0"]
[ECO "B12"]
[WhiteElo "2570"]
[BlackElo "2544"]
[WhiteEngine "Cfish_x64_060418_LTO_popcnt"]
[BlackEngine "asmFishW_2018-04-07_popcnt"]
[EventType "Swiss"]
[WhiteTeam ""]
[BlackTeam ""]
[PlyCount "117"]
[TimeControl "180+2"]

1. e4 c6 2. d4 d5 3. e5 Bf5 4. Nf3 e6 5. Be2 Nd7 6. O-O Ne7 7. c3 h6 8. Nbd2 a5 
9. a4 Bg6 10. b4 Nc8 11. Qb3 Be7 12. Ba3 O-O 13. Rfc1 Qc7 14. b5 Ndb6 15. g3 Rd8 
16. h4 Rf8 17. Bf1 Bf5 18. Bb2 Qd8 19. Ba3 Qc7 20. Ra2 Rd8 21. Ne1 Nd7 
22. Ng2 c5 23. Ne3 Bg6 24. f4 c4 25. Qb2 Bxa3 26. Qxa3 Re8 27. Bh3 Qd8 
28. Re1 f6 29. Qc1 Ncb6 30. Qd1 Rc8 31. Nf3 Be4 32. Kh2 Rc7 33. f5 exf5 
34. Nxf5 fxe5 35. Nd6 Bxf3 36. Qxf3 Rf8 37. Be6+ Kh7 38. Nf7 Qf6 39. Qh5 Rxf7 
40. Qxf7 Qxf7 41. Bxf7 e4 42. Bh5 Nf6 43. Bd1 g6 44. Rf2 Kg7 45. Ref1 Rf7 
46. Kg2 Nbd7 47. Bg4 Nb6 48. Be6 e3 49. Rf3 e2 50. Ra1 Re7 51. Re3 Ne4 
52. Bg4 Kf8 53. Bxe2 Nxc3 54. Rf3+ Ke8 55. Bxc4 dxc4 56. Rxc3 Re4 57. Rd1 Kd8 
58. Kf3 Re6 59. Rdc1 1-0

[Event "Tuesday Night Engine Tour 11rd Swiss 3m+2s Starts at 2200hrs ST"]
[Site "Infinity Chess"]
[Date "2018.4.10"]
[Round "2"]
[White "star99"]
[Black "MGR"]
[Result "1/2-1/2 "]
[ECO "D10"]
[WhiteElo "2468"]
[BlackElo "2485"]
[WhiteEngine "Cryptic Heroes 9.3B"]
[BlackEngine "asmFishW_2018-04-08_bmi2"]
[EventType "Swiss"]
[WhiteTeam ""]
[BlackTeam ""]
[PlyCount "194"]
[TimeControl "180+2"]

1. d4 d5 2. c4 c6 3. cxd5 cxd5 4. Bf4 Nc6 5. e3 Nf6 6. Nc3 e6 7. Bd3 Bd6 
8. Bxd6 Qxd6 9. Rc1 O-O 10. f4 Bd7 11. Nf3 Rac8 12. O-O Ne8 13. Ne5 Qe7 
14. Qf3 Nd6 15. Qh3 f5 16. g4 Rf6 17. Qh4 Qd8 18. Rf3 Rf8 19. Qxd8 Rcxd8 
20. gxf5 Nxf5 21. Ne2 Be8 22. Bxf5 Rxf5 23. Rff1 Rf8 24. Rfe1 Rc8 25. Kf2 Nxe5 
26. dxe5 Bd7 27. Nd4 Kf7 28. Ke2 a6 29. h4 h5 30. Rcd1 Rc5 31. Rg1 g6 
32. Kd2 Rfc8 33. Rg5 a5 34. b3 Rg8 35. a4 b6 36. Rdg1 Rcc8 37. R5g2 Rb8 
38. Kd3 Rbc8 39. Rb1 Rc5 40. Rbg1 Rc7 41. Kd2 Rcc8 42. Kd3 Rc7 43. Rg5 Rc5 
44. Ra1 Rgc8 45. Rag1 Rg8 46. Ke2 Rc7 47. Kd2 Rc5 48. R5g3 Rc7 49. Ra1 Rcc8 
50. Rgg1 Rc7 51. Rab1 Rb8 52. Rg3 Rbc8 53. Rg5 Rg8 54. Rf1 Rcc8 55. Rh1 Rc7 
56. Rf1 Rcc8 57. Rfg1 Rc5 58. R1g3 Rcc8 59. Rf3 Ke7 60. Rf2 Kf8 61. Re2 Kf7 
62. Rf2 Rb8 63. Rfg2 Rbc8 64. Rh2 Rc5 65. Rf2 Rcc8 66. Kd1 Rgf8 67. Rf1 Rfe8 
68. Rf2 Rg8 69. Rh2 Rc3 70. Rg3 Rc5 71. Rg1 Rcc8 72. Rhg2 Rc3 73. Re1 Rc7 
74. Reg1 Rc5 75. Kd2 Rcc8 76. Nf3 Rg7 77. Rg3 Bc6 78. Ra1 Rgg8 79. Rgg1 Rc7 
80. Rg5 Be8 81. Nd4 Bd7 82. Ne2 Bc8 83. Nd4 Bd7 84. Rb1 Ra7 85. f5 exf5 
86. Rbg1 Raa8 87. Ne2 b5 88. axb5 a4 89. bxa4 Rxa4 90. Rc1 Rc8 91. Rxc8 Bxc8 
92. Rg1 Ke6 93. Rc1 Bd7 94. b6 Kxe5 95. Rb1 Bc6 96. b7 Bxb7 97. Rxb7 Rxh4 
1/2-1/2

[Event "Tuesday Night Engine Tour 11rd Swiss 3m+2s Starts at 2200hrs ST"]
[Site "Infinity Chess"]
[Date "2018.4.10"]
[Round "2"]
[White "gmmarolideus"]
[Black "Dovahkiin"]
[Result "1/2-1/2"]
[ECO "C53"]
[WhiteElo "2125"]
[BlackElo "2414"]
[WhiteEngine "stockfish_9_x64_popcnt_CTG"]
[BlackEngine "Raubfisch ME262_GTZ16f_CTG"]
[EventType "Swiss"]
[WhiteTeam ""]
[BlackTeam ""]
[PlyCount "99"]
[TimeControl "180+2"]

1. e4 e5 2. Nf3 Nc6 3. Bc4 Bc5 4. c3 Nf6 5. d4 exd4 6. cxd4 Bb4+ 7. Bd2 Bxd2+ 
8. Nbxd2 d5 9. exd5 Nxd5 10. O-O O-O 11. Rc1 Nb6 12. Bb3 a5 13. a4 Nd5 
14. Re1 Be6 15. Ne4 Bg4 16. Rc5 Bxf3 17. Qxf3 Nxd4 18. Qg3 Nb4 19. Rg5 Kh8 
20. Rxg7 Nf5 21. Rxh7+ Kxh7 22. Qf4 Nh6 23. Rd1 Nd3 24. Qf3 Qe7 25. Rxd3 Rae8 
26. Bc2 f5 27. Ng3 Qg5 28. Nf1 Re1 29. Re3 Rxe3 30. Nxe3 Kg7 31. Qxb7 f4 
32. Qxc7+ Rf7 33. Qc3+ Qf6 34. Nd5 Qxc3 35. bxc3 Ng4 36. h3 Ne5 37. f3 Kh6 
38. Be4 Nd7 39. Bd3 Kg5 40. Kh2 Nc5 41. Bb5 Rg7 42. h4+ Kf5 43. Nb6 Rh7 
44. g3 fxg3+ 45. Kxg3 Rg7+ 46. Kf2 Kf4 47. Nd5+ Kf5 48. Nb6 Kf4 49. Nd5+ Kf5 
50. Nb6 1/2-1/2

[Event "Tuesday Night Engine Tour 11rd Swiss 3m+2s Starts at 2200hrs ST"]
[Site "Infinity Chess"]
[Date "2018.4.10"]
[Round "2"]
[White "RonWeasley"]
[Black "Vimtiroba"]
[Result "1/2-1/2 "]
[ECO "D30"]
[WhiteElo "2519"]
[BlackElo "2534"]
[WhiteEngine "BrainFish 090218_CTG"]
[BlackEngine "SF9 ''A10''_CTG"]
[EventType "Swiss"]
[WhiteTeam ""]
[BlackTeam ""]
[PlyCount "195"]
[TimeControl "180+2"]

1. d4 d5 2. c4 e6 3. Nf3 Nf6 4. Nc3 c6 5. Bg5 h6 6. Bxf6 Qxf6 7. e3 Nd7 
8. Be2 g6 9. O-O Bg7 10. e4 dxe4 11. Nxe4 Qf4 12. Qc2 f5 13. Ned2 c5 14. g3 Qd6 
15. Nh4 Kf7 16. d5 Nb6 17. a4 a5 18. dxe6+ Bxe6 19. Rad1 Rhd8 20. Rfe1 Qe7 
21. Bf3 Qf6 22. b3 Rd7 23. Nf1 Rad8 24. Rxd7+ Nxd7 25. Bxb7 Ne5 26. Rd1 Qe7 
27. Rxd8 Qxd8 28. Nf3 Nxf3+ 29. Bxf3 Qd4 30. Kg2 Be5 31. Qe2 Kf6 32. Bc6 Qb2 
33. Qd3 Qd4 34. Qf3 Qc3 35. Qd1 Qd4 36. Qe2 Qb2 37. Qd3 Qd4 38. Qf3 Qc3 
39. Ne3 Bd4 40. Qd1 Qb2 41. Qd3 Qc3 42. Qxc3 Bxc3 43. f4 Bd4 44. Nc2 Bb2 
45. Bd5 Bd7 46. Bb7 g5 47. Ne3 gxf4 48. gxf4 Bd4 49. Nc2 Bb2 50. Kf3 Be8 
51. Ke2 Bh5+ 52. Bf3 Bg6 53. Ne3 Bd4 54. Kd2 Ke6 55. Bd5+ Ke7 56. Kd3 Kd7 
57. Kd2 Kd6 58. Kd3 Kd7 59. Ke2 Kd6 60. Bb7 Ke7 61. Ba8 Kf6 62. Bh1 Ke6 
63. Bf3 Kf6 64. Kd3 Ke6 65. Kd2 Kf6 66. Ke2 Ke7 67. Bg2 Ke6 68. Bd5+ Kd7 
69. Kd3 Ke7 70. Bf3 Kd7 71. Kd2 Ke6 72. Kd3 Kd7 73. Bb7 Kc7 74. Bh1 Kd7 
75. Bd5 Ke7 76. Bc6 Ke6 77. Bb7 Kd7 78. Kd2 Kc7 79. Bg2 Kd7 80. Kd3 Ke6 
81. Bb7 Kd7 82. Bf3 Ke6 83. Kd2 Kd7 84. Bg2 Kd6 85. Bb7 Kd7 86. Bd5 Kd6 
87. Bh1 Ke6 88. Bb7 Kd7 89. Bg2 Kd6 90. Bf1 Ke6 91. Be2 Be8 92. Bd3 Bg6 
93. h3 Bf6 94. Nd5 Bh4 95. Be2 Bg3 96. Ke3 Be1 97. Nc7+ Kd6 98. Nb5+ 1/2-1/2

[Event "Tuesday Night Engine Tour 11rd Swiss 3m+2s Starts at 2200hrs ST"]
[Site "Infinity Chess"]
[Date "2018.4.10"]
[Round "2"]
[White "MCDermont"]
[Black "Victorious"]
[Result "1/2-1/2"]
[ECO "C50"]
[WhiteElo "2561"]
[BlackElo "2570"]
[WhiteEngine "BrainFish 090218"]
[BlackEngine "Cfish_x64_060418_LTO_popcnt"]
[EventType "Swiss"]
[WhiteTeam ""]
[BlackTeam ""]
[PlyCount "141"]
[TimeControl "180+2"]

1. e4 e5 2. Nf3 Nc6 3. Bc4 Bc5 4. O-O Nf6 5. d3 d6 6. c3 a5 7. Nbd2 O-O 
8. Re1 h6 9. Nf1 Be6 10. Bb5 Ne7 11. h3 Ba7 12. Ng3 c6 13. Ba4 b5 14. Bc2 a4 
15. d4 Ng6 16. Bd2 Bb6 17. Be3 Bc7 18. Qd2 Re8 19. b3 Qd7 20. bxa4 bxa4 
21. Red1 Qe7 22. c4 d5 23. exd5 cxd5 24. Bxg6 exd4 25. Nxd4 fxg6 26. Nxe6 Qxe6 
27. cxd5 Nxd5 28. Qxd5 Qxd5 29. Rxd5 Bxg3 30. Rb1 Bh4 31. Kf1 Bf6 32. Rb4 Reb8 
33. Rdb5 Rc8 34. Rc5 Rxc5 35. Bxc5 Rc8 36. Rb5 Rc7 37. a3 Kf7 38. Ke2 g5 
39. Kd3 Rd7+ 40. Ke3 Be7 41. Bb4 Ra7 42. f3 Kg6 43. Bxe7 Rxe7+ 44. Kf2 Rc7 
45. Rb4 Ra7 46. Rd4 Kf5 47. Kg3 Ra6 48. Rb4 Kg6 49. Kf2 Kh5 50. Rd4 Ra8 
51. Rc4 Kg6 52. Re4 h5 53. Rc4 Kf7 54. Kg1 g6 55. f4 gxf4 56. Rxf4+ Ke6 
57. h4 Kd5 58. Kf2 Kc5 59. Rb4 Kc6 60. Kf3 Ra7 61. Kf2 Ra6 62. Kg3 Ra7 
63. Kf4 Ra5 64. Rc4+ Kb6 65. Rd4 Rf5+ 66. Ke4 Kb5 67. Rd5+ Kc4 68. Rxf5 gxf5+ 
69. Kxf5 Kb3 70. g4 hxg4 71. Kf4 1/2-1/2

[Event "Tuesday Night Engine Tour 11rd Swiss 3m+2s Starts at 2200hrs ST"]
[Site "Infinity Chess"]
[Date "2018.4.10"]
[Round "2"]
[White "Murx"]
[Black "Deep_Impact"]
[Result "1/2-1/2"]
[ECO "A22"]
[WhiteElo "2544"]
[BlackElo "2536"]
[WhiteEngine "asmFishW_2018-04-07_popcnt"]
[BlackEngine "asmFishW_2018-04-07_bmi2"]
[EventType "Swiss"]
[WhiteTeam ""]
[BlackTeam ""]
[PlyCount "164"]
[TimeControl "180+2"]

1. c4 e5 2. Nc3 Nf6 3. Nf3 Nc6 4. g3 d5 5. cxd5 Nxd5 6. Bg2 Nb6 7. O-O Be7 
8. d3 O-O 9. Be3 Be6 10. a3 Nd5 11. Nxd5 Bxd5 12. Rc1 Qd7 13. d4 e4 14. Ne5 Qe6 
15. Nxc6 bxc6 16. Rc3 Bd6 17. f3 exf3 18. Bxf3 a5 19. Qc2 Rab8 20. Bc1 f5 
21. Rf2 Rb6 22. Re3 Qf7 23. Bd2 a4 24. Rc3 Qf6 25. e3 Qe6 26. Bc1 Bb3 27. Qd3 g6 
28. Bd1 Qd5 29. Bf3 Qb5 30. Qe2 Qxe2 31. Rxe2 Bd5 32. e4 fxe4 33. Bxe4 Ra8 
34. Kg2 Kg7 35. Kf2 h6 36. Bd3 g5 37. Kg1 Rb3 38. Rxb3 axb3 39. Kf2 Kf7 
40. Bd2 Bf8 41. Bc3 Bg7 42. Ke3 c5 43. dxc5 Bxc3 44. bxc3 Be6 45. Kd4 Rd8+ 
46. Ke3 Ra8 47. Kd4 Rd8+ 48. Ke3 Kf6 49. a4 Rd5 50. c4 Rxc5 51. Kd4 Ra5 
52. Kc3 Rxa4 53. Kxb3 Ra6 54. Kb4 Rb6+ 55. Kc3 Ra6 56. Rf2+ Ke5 57. Re2+ Kf6 
58. c5 Ra3+ 59. Kd4 Ra4+ 60. Kc3 Ra1 61. Kd4 Ra3 62. Bc4 Bxc4 63. Kxc4 c6 
64. Rf2+ Ke6 65. Re2+ Kf6 66. Rd2 h5 67. Re2 Ra4+ 68. Kb3 Rd4 69. Kc3 Rd5 
70. Kb4 g4 71. Kc4 Kg6 72. Re6+ Kf7 73. Rxc6 Rd2 74. Rb6 Rxh2 75. Rb4 Rc2+ 
76. Kd5 Kf6 77. Rb1 Kg5 78. c6 h4 79. gxh4+ Kxh4 80. Rb4 Kh3 81. Rc4 Rd2+ 
82. Ke4 Re2+ 1/2-1/2

[Event "Tuesday Night Engine Tour 11rd Swiss 3m+2s Starts at 2200hrs ST"]
[Site "Infinity Chess"]
[Date "2018.4.10"]
[Round "1"]
[White "Deep_Impact"]
[Black "gmmarolideus"]
[Result "1-0"]
[ECO "E10"]
[WhiteElo "2525"]
[BlackElo "2400"]
[WhiteEngine "asmFishW_2018-04-07_bmi2"]
[BlackEngine "stockfish_9_x64_popcnt_CTG"]
[EventType "Swiss"]
[WhiteTeam ""]
[BlackTeam ""]
[PlyCount "177"]
[TimeControl "180+2"]

1. d4 Nf6 2. c4 e6 3. Nf3 d5 4. Nc3 dxc4 5. e4 Bb4 6. Bg5 c5 7. Bxc4 cxd4 
8. Nxd4 Bxc3+ 9. bxc3 Qa5 10. Bxf6 Qxc3+ 11. Kf1 gxf6 12. Rc1 Qa5 13. g3 Ke7 
14. Kg2 Rd8 15. Re1 Kf8 16. e5 f5 17. Bb3 Na6 18. Qd3 Nc5 19. Qe3 Nxb3 
20. axb3 Bd7 21. Qh6+ Ke8 22. Rcd1 Qd5+ 23. f3 Qc5 24. Qxh7 Bc6 25. Qh8+ Qf8 
26. Qh5 Qc5 27. Qh8+ Qf8 28. Qf6 Qa3 29. Kh3 Qf8 30. g4 fxg4+ 31. fxg4 Qb4 
32. Nxc6 bxc6 33. Rf1 Qf8 34. Kh4 Rd5 35. Rc1 c5 36. Rc3 Qe7 37. Rcf3 Rxe5 
38. Qxe7+ Kxe7 39. Rxf7+ Kd6 40. Rf8 Rxf8 41. Rxf8 a5 42. g5 Re2 43. h3 e5 
44. Kh5 Ke7 45. Rc8 e4 46. Rxc5 Ke6 47. h4 Re3 48. Rxa5 Rc3 49. Ra4 Rc8 
50. g6 Kf6 51. g7 Kxg7 52. Rxe4 Kf6 53. Rf4+ Ke5 54. Rf3 Rg8 55. Rc3 Rh8+ 
56. Kg4 Rg8+ 57. Kf3 Rb8 58. Ke2 Rb4 59. Rh3 Kf5 60. Kd2 Rb6 61. Kc3 Rc6+ 
62. Kd4 Rd6+ 63. Kc5 Rd1 64. b4 Rc1+ 65. Kb6 Kg4 66. Rb3 Kf5 67. b5 Kf6 
68. h5 Kf7 69. Rh3 Rb1 70. Kc6 Rf1 71. b6 Rc1+ 72. Kb7 Rb1 73. h6 Kg8 
74. Rc3 Rf1 75. Rc6 Re1 76. Kb8 Kh7 77. b7 Rf1 78. Ka7 Rf7 79. Ka8 Rf1 
80. b8=Q Ra1+ 81. Kb7 Rb1+ 82. Kc7 Rxb8 83. Kxb8 Kh8 84. Kc7 Kg8 85. Kd8 Kf8 
86. h7 Kg7 87. Ke7 Kh8 88. Rh6 Kg7 89. h8=Q# 1-0

[Event "Tuesday Night Engine Tour 11rd Swiss 3m+2s Starts at 2200hrs ST"]
[Site "Infinity Chess"]
[Date "2018.4.10"]
[Round "1"]
[White "Dovahkiin"]
[Black "Murx"]
[Result "0-1"]
[ECO "B12"]
[WhiteElo "2426"]
[BlackElo "2532"]
[WhiteEngine "Raubfisch ME262_GTZ16f_CTG"]
[BlackEngine "asmFishW_2018-04-07_popcnt"]
[EventType "Swiss"]
[WhiteTeam ""]
[BlackTeam ""]
[PlyCount "158"]
[TimeControl "180+2"]

1. e4 c6 2. d4 d5 3. e5 Bf5 4. Nf3 e6 5. Be2 Nd7 6. O-O Ne7 7. Nbd2 h6 8. Nb3 g5 
9. Ne1 Qc7 10. Nd3 Bxd3 11. cxd3 a5 12. a4 Qb6 13. Bd2 Nf5 14. Bc3 Be7 
15. Bh5 Ng7 16. Bf3 Nf8 17. Qc2 Ng6 18. Bd1 Qc7 19. g3 h5 20. Qd2 b6 21. Qc1 Kd7 
22. Bd2 Qd8 23. Bf3 g4 24. Bg2 Nf5 25. Be4 h4 26. Bxf5 exf5 27. Qc2 Qg8 
28. Kh1 Qh7 29. Rac1 Rac8 30. Be3 Nf8 31. Rg1 Ne6 32. Qd2 Qh5 33. Rcf1 Rcg8 
34. Rg2 Bg5 35. Qe2 Rg6 36. Nd2 Rgh6 37. f4 gxf3 38. Qxf3 Qxf3 39. Rxf3 hxg3 
40. Bxg5 Rxh2+ 41. Rxh2 Rxh2+ 42. Kg1 Nxg5 43. Rxg3 Rxd2 44. Rxg5 Rxd3 
45. Rxf5 Rxd4 46. Rf6 Rxa4 47. Rd6+ Ke7 48. Rxc6 Rb4 49. Rc2 Ke6 50. Re2 Re4 
51. Rc2 Kxe5 52. Kf2 d4 53. Rd2 a4 54. Rd1 f5 55. Kg3 b5 56. Rd2 b4 57. b3 axb3 
58. Rh2 d3 59. Kf3 b2 60. Rxb2 d2 61. Rxd2 b3 62. Rb2 Rh4 63. Re2+ Kd4 
64. Rf2 Kd3 65. Kg2 Rg4+ 66. Kh3 Rb4 67. Kg3 f4+ 68. Kg4 b2 69. Rf1 b1=Q 
70. Rxb1 Rxb1 71. Kxf4 Rb5 72. Kf3 Rb4 73. Kf2 Rf4+ 74. Kg1 Ke3 75. Kg2 Rg4+ 
76. Kh3 Kf3 77. Kh2 Rh4+ 78. Kg1 Rh6 79. Kf1 Rh1# 0-1

[Event "Tuesday Night Engine Tour 11rd Swiss 3m+2s Starts at 2200hrs ST"]
[Site "Infinity Chess"]
[Date "2018.4.10"]
[Round "1"]
[White "Vimtiroba"]
[Black "star99"]
[Result "1/2-1/2 "]
[ECO "A50"]
[WhiteElo "2537"]
[BlackElo "2465"]
[WhiteEngine "SF9 ''A10''_CTG"]
[BlackEngine "Cryptic Heroes 9.3B"]
[EventType "Swiss"]
[WhiteTeam ""]
[BlackTeam ""]
[PlyCount "98"]
[TimeControl "180+2"]

1. d4 Nf6 2. c4 c6 3. Nf3 d5 4. Nc3 e6 5. e3 Nbd7 6. Qc2 Bd6 7. Bd3 O-O 
8. O-O dxc4 9. Bxc4 b5 10. Bd3 Bb7 11. e4 e5 12. h3 exd4 13. Nxd4 Nc5 
14. Rd1 Qc7 15. Bg5 Bh2+ 16. Kh1 Be5 17. Nf3 h6 18. Be3 Nxd3 19. Rxd3 b4 
20. Na4 Nxe4 21. Nc5 Nxc5 22. Bxc5 Rfe8 23. Nxe5 Qxe5 24. Re3 Qh5 25. Rg3 a5 
26. a3 Re5 27. axb4 axb4 28. Rxa8+ Bxa8 29. Bxb4 c5 30. Bd2 Qe2 31. Qc3 g5 
32. Qb3 Bd5 33. Qb6 Bc6 34. Qc7 Re6 35. Qc8+ Kh7 36. Qf8 Rf6 37. Be3 Qxb2 
38. h4 Qa1+ 39. Kh2 Qe5 40. hxg5 hxg5 41. Bxg5 Qd6 42. Qxd6 Rxd6 43. Rc3 Rg6 
44. Rxc5 Bxg2 45. Kxg2 f6 46. f3 Rxg5+ 47. Rxg5 fxg5 48. Kf1 Kg7 49. Kg2 Kh7 
1/2-1/2

[Event "Tuesday Night Engine Tour 11rd Swiss 3m+2s Starts at 2200hrs ST"]
[Site "Infinity Chess"]
[Date "2018.4.10"]
[Round "1"]
[White "MGR"]
[Black "MCDermont"]
[Result "1/2-1/2"]
[ECO "A04"]
[WhiteElo "2482"]
[BlackElo "2564"]
[WhiteEngine "asmFishW_2018-04-08_bmi2"]
[BlackEngine "BrainFish 090218"]
[EventType "Swiss"]
[WhiteTeam ""]
[BlackTeam ""]
[PlyCount "226"]
[TimeControl "180+2"]

1. Nf3 c5 2. e4 d6 3. d4 cxd4 4. Nxd4 Nf6 5. Nc3 a6 6. Be3 e5 7. Nb3 Be6 
8. Be2 Be7 9. Qd3 O-O 10. O-O Nc6 11. a3 Rc8 12. Rfe1 Na5 13. Nxa5 Qxa5 
14. h3 b5 15. Bd2 Qb6 16. Rad1 Qb7 17. Qf3 Rfd8 18. Bd3 Nd7 19. Be2 Nb6 
20. Qg3 Rc6 21. Bg4 Bf8 22. Bc1 Rdc8 23. Qf3 Rc4 24. Bd2 Nd7 25. Qe3 R4c5 
26. Ra1 R5c7 27. Be2 Nb6 28. Qg3 Kh8 29. Bg4 g6 30. Qd3 Nc4 31. Bc1 Nb6 
32. Rb1 h5 33. Bxe6 fxe6 34. Nd1 Qc6 35. c3 Kh7 36. Bg5 Bg7 37. f3 Nc4 
38. Qe2 a5 39. Nf2 a4 40. h4 d5 41. Nd3 Rd7 42. Kh2 Rf8 43. Rbd1 Qd6 44. Nf2 d4 
45. Rd3 Qc7 46. Kh1 Kg8 47. Red1 Qc5 48. Rc1 Qa7 49. Rdd1 Rc7 50. Nd3 Kh7 
51. Qe1 Rff7 52. Rc2 Na5 53. Kh2 Rc4 54. Qg3 Qb8 55. Qh3 Qc8 56. Bd2 Nb3 
57. Be1 Rd7 58. Qg3 Qc7 59. Rf2 Na5 60. Bd2 Nb3 61. Be1 Nc5 62. Nxc5 Rxc5 
63. Rf1 Rc6 64. Bd2 Rc4 65. Qe1 Qc5 66. Kh3 Qf8 67. Qe2 Rdc7 68. Qf2 Qf7 
69. Qe2 Qf8 70. Qf2 Qe8 71. Qe2 Bf8 72. g4 Bc5 73. Rc1 Bb6 74. Qd1 Rb7 
75. Qe2 dxc3 76. Rxc3 Rxc3 77. Bxc3 Bd4 78. Bxd4 exd4 79. e5 hxg4+ 80. fxg4 Qc6 
81. Qd3 Qc4 82. Rf3 Rd7 83. g5 Kg7 84. Qe4 d3 85. Qa8 Rf7 86. Rxf7+ Kxf7 
87. Qa7+ Ke8 88. Qb8+ Kf7 89. Qb7+ Kg8 90. Qa8+ Kf7 91. Qb7+ Kf8 92. Qb8+ Ke7 
93. Qd6+ Kf7 94. Qd7+ Kg8 95. Kg3 Kh8 96. Qd8+ Kh7 97. Qd7+ Kh8 98. b3 Qe4 
99. Qd8+ Kg7 100. Qf6+ Kg8 101. Qxe6+ Kg7 102. b4 Qe3+ 103. Kg4 Qe2+ 
104. Kf4 Qf1+ 105. Ke4 Qe2+ 106. Kd4 d2 107. Qf6+ Kg8 108. Qxg6+ Kh8 
109. Qf6+ Kg8 110. Qe6+ Kg7 111. Qf6+ Kg8 112. Qg6+ Kh8 113. Qf6+ Kg8 1/2-1/2